 Dungeon Crawl Stone Soup version 0.31.0-32-g396128a36d (webtiles) character file.

Game seed: 6426440611137340899

7905 DildoBatman the Blocker (level 11, 0/94 HPs)
             Began as a Formicid Conjurer on Mar 15, 2024.
             Was an Initiate of Gozag.
             Slain by a troll (7 damage)
             ... on level 10 of the Dungeon.
             The game lasted 00:37:42 (11034 turns).

DildoBatman the Blocker (Formicid Conjurer)        Turns: 11034, Time: 00:37:44

Health: 0/94       AC: 13    Str: 17    XL:     11   Next: 45%
Magic:  11/22      EV: 13    Int: 23    God:    Gozag
Gold:   1405       SH:  6    Dex: 12    Spells: 16/25 levels left

rFire   + . .        a - +6 short sword of Focus {flame, rN+ Stlth+}
rCold   . . .        f - +0 buckler
rNeg    + . .        J - +0 steam dragon scales
rPois   .            (helmet unavailable)
rElec   .            B - +2 cloak
rCorr   .            D - +1 pair of gloves
SInv    +            F - +0 pair of boots
Will    ++...        m - amulet of magic regeneration
Stlth   +++          A - ring of protection from fire
HPRegen 0.35/turn    G - +6 ring of strength
MPRegen 0.58/turn

%: clarity
@: no status effects
A: permanent stasis, dig shafts and tunnels, antennae 3, four strong arms,
clarity, strong-willed 1, robust 1, wild magic 1
a: Dig, Shaft Self, Renounce Religion, Potion Petition, Call Merchant, Bribe
Branch


You were on level 10 of the Dungeon.
You worshipped Gozag.
Gozag was most pleased with you.
You visited 2 branches of the dungeon, and saw 12 of its levels.

You collected 2045 gold pieces.
You spent 294 gold pieces at shops.
You paid 346 gold pieces to Gozag.

Inventory:

Hand Weapons
 a - the +6 short sword of Focus (weapon) {flame, rN+ Stlth+}
   (You found it on level 7 of the Dungeon)

   rN+:       It protects you from negative energy.
   Stlth+:    It makes you more stealthy.
 c - a +0 arbalest
 w - the +7 quarterstaff of Recklessness {distort, Dex+3}
   (You found it on level 5 of the Dungeon)

   Dex+3:     It affects your dexterity (+3).
Missiles
 g - 22 poisoned darts
 q - 5 javelins
 z - 10 boomerangs
 N - a curare-tipped dart
Armour
 f - a +0 buckler (worn)
 i - a +2 robe of cold resistance
 B - a +2 cloak (worn)
 D - a +1 pair of gloves (worn)
 F - a +0 pair of boots (worn)
 J - +0 steam dragon scales (worn)
Magical Staves
 r - a staff of alchemy
 H - a staff of death
Jewellery
 m - an amulet of magic regeneration (around neck)
 A - a ring of protection from fire (left hand)
 G - a +6 ring of strength (right hand)
Wands
 o - a wand of paralysis (15)
 E - a wand of mindburst (24)
 M - a wand of roots (3)
Scrolls
 d - a scroll of vulnerability {unknown}
 e - 2 scrolls of fog {unknown}
 h - 2 scrolls of enchant armour {unknown}
 j - a scroll of amnesia {unknown}
 k - 8 scrolls of teleportation {unknown}
 l - 3 scrolls of noise {unknown}
 p - 2 scrolls of revelation {unknown}
 u - 8 scrolls of identify {unknown}
 y - a scroll of enchant weapon {unknown}
 K - a scroll of immolation {unknown}
 P - a scroll of silence {unknown}
Potions
 b - a potion of magic
 n - 3 potions of might {unknown}
 s - a potion of degeneration {unknown}
 t - 2 potions of resistance {unknown}
 v - a potion of cancellation {unknown}
 C - a potion of curing {unknown}
 I - a potion of haste {unknown}
 L - a potion of enlightenment {unknown}
 O - a potion of mutation


   Skills:
 - Level 8.0 Fighting
 - Level 8.0 Armour
 - Level 6.0 Dodging
 - Level 4.0 Stealth
 * Level 8.2 Shields
 * Level 7.8 Spellcasting
 - Level 6.0 Conjurations
 * Level 3.6 Earth Magic
 * Level 2.8 Alchemy


You had 16 spell levels left.
You knew the following spells:

 Your Spells              Type           Power      Damage    Failure   Level
a - Searing Ray           Conj           94%        2d7       2%          2
b - Petrify               Alch/Erth      30%        N/A       30%         4
c - Magic Dart            Conj           100%       1d8       1%          1
z - Sublimation of Blood  Necr           11%        N/A       19%         2

Your spell library contained the following spells:

 Spells                   Type           Power      Damage    Failure   Level
 Scorch                   Fire           22%        2d5       19%         2
 Fulminant Prism          Conj/Alch      18%        3d11      21%         4
 Flame Wave               Conj/Fire      29%        2d9       32%         4
 Iskenderun's Mystic Bla  Conj/Tloc      29%        2d7       32%         4
 Summon Ice Beast         Ice/Summ       11%        N/A       34%         3
 Irradiate                Conj/Alch      18%        3d17      45%         5
 Summon Mana Viper        Hex/Summ       11%        N/A       96%         5
 Summon Cactus Giant      Summ           5%         N/A       100%        6
 Monstrous Menagerie      Summ           5%         N/A       100%        7


Dungeon Overview and Level Annotations

Branches:
Dungeon (11/15)            Temple (1/1) D:4            Lair (0/5) D:9
    Orc: D:9-12

Altars:
Ashenzari
Cheibriados
Dithmenos
Elyvilon
Fedhas
Gozag
Hepliaklqana
Kikubaaqudgha
Makhleb
Nemelex Xobeh
Okawaru
Qazlal
Ru
Sif Muna
Trog
Uskayaw
Vehumet
Wu Jian
Xom
Yredelemnul
Zin
The Shining One

Shops:
D:3 !

Annotations:
D:10 exclusions: acid dragon and two-headed ogre


Innate Abilities, Weirdness & Mutations

You cannot be hasted, slowed, berserked, paralysed or teleported.
You can dig through walls and to a lower floor.
You have a pair of large antennae on your head. (SInv)
Your four strong arms can wield two-handed weapons with a shield.
You possess an exceptional clarity of mind.
You are strong-willed. (Will+)
You are robust. (+10% HP)
Your spells are a little harder to cast, but a little more powerful.


Message History

The troll closely misses you. The troll claws you.
The searing ray misses the troll.
You finish channelling your searing ray.
The troll barely misses you. x2
The troll claws you! [a] - 224 gold - heal wounds and curing [b] - 442 gold - lignification, might and resistance [c] - 475 gold - heal wounds, resistance and might Purchase which effect?
You feel much better.
You feel better. The troll closely misses you. The troll claws you.
The troll claws you but does no damage.
Casting: Searing Ray (safe; 2% risk of failure)
Confirm with . or Enter, or press ? or * to list all spells.
Aiming: Searing Ray (safe; 2% risk of failure)
Press: ? - help, Shift-Dir - straight line, f/p - troll
Aim: a troll (severely wounded, 82% to hit)
The searing ray hits the troll.
The troll is severely wounded. (Press . to maintain the ray.)
The troll bites you! The troll claws you.
The troll claws you but does no damage.
The searing ray hits the troll.
The troll is almost dead.
The troll bites you but does no damage. The troll barely misses you. x2
The searing ray hits the troll.
The troll is almost dead.
The troll completely misses you. The troll claws you!
The troll completely misses you.
The searing ray misses the troll.
You finish channelling your searing ray.
The troll bites you!
You die...
Your body crumbles into a pile of gold.

#.# #........... #.#
#.##...####. #.#
#.##...####.
####.#######.D.......#.
#....................#.
#.######.###...........
#.# #.# ####...#....
#.######.######.....#..
#.....@............##..
#..####T##..#########.#
#..####.##..# ###.#
#.....#.##..# #...+
##.##.#.##..# #.###
#.##.#.##..# #.###
#.##.#.##..# #.'..
#.##....#..# #####..
#.#........# #.#....


You could see a troll.

Vanquished Creatures
  A deep elf pyromancer (D:9)
  Maggie (D:6)
  A kobold demonologist (D:10)
  Psyche (D:8)
  Grinder (D:3)
  A troll (D:9)
  A hornet (D:8)
  Sigmund (D:5)
  A vampire (D:10)
  10 yaks
  2 wraiths (D:10)
  3 steam dragons
  Edmund (D:4)
  An acid dragon (D:9)
  Duvessa (D:5)
  3 hornet zombies (D:7)
  A sky beast (D:7)
  3 ice beasts
  8 centaurs
  A phantom (D:5)
  Blork the orc (D:6)
  2 kobold brigands
  2 bullfrogs
  A gnoll sergeant (D:9)
  A wyvern zombie (D:7)
  A scorpion (D:5)
  3 wights (D:6)
  Dowan (D:5)
  3 killer bees (D:8)
  4 howler monkeys
  4 crimson imps (D:8)
  3 centaur zombies (D:7)
  2 gnoll boudas
  6 orc priests
  2 hounds
  A sleepcap (D:8)
  Ijyb (D:4)
  4 orc wizards
  4 iguanas
  A killer bee zombie (D:7)
  14 gnolls
  5 adders
  7 river rats (D:6)
  2 shadow imps (D:8)
  3 white imps (D:8)
  5 dart slugs
  21 orcs
  6 ball pythons
  5 bats
  5 endoplasms
  3 giant cockroaches
  7 goblins
  6 hobgoblins
  2 jackals (D:3)
  5 quokkas
  3 frilled lizards (D:3)
  19 kobolds
  21 rats
  A spectral goblin (D:8)
230 creatures vanquished.

Vanquished Creatures (others)
  3 two-headed ogres (D:10)
  A yak (D:10)
  A centaur (D:10)
  A killer bee (D:10)
  A howler monkey (D:10)
7 creatures vanquished.

Grand Total: 237 creatures vanquished

Notes
Turn   | Place    | Note
-------+----------+-------------------------------------------
     0 | D:1      | DildoBatman the Formicid Conjurer began the quest for the
                  | Orb.
     0 | D:1      | Reached XP level 1. HP: 13/13 MP: 3/3
   240 | D:1      | Reached XP level 2. HP: 20/20 MP: 0/5
   298 | D:1      | Learned a level 2 spell: Searing Ray
   581 | D:1      | Reached skill level 1 in Shields
   581 | D:1      | Reached XP level 3. HP: 25/25 MP: 3/6
   853 | D:1      | Reached skill level 1 in Fighting
  1149 | D:2      | Identified the +0 scale mail of Gozag's Pride {Dex+2}
  1329 | D:3      | Found a faded altar of an unknown god.
  1380 | D:3      | Reached XP level 4. HP: 32/32 MP: 7/7
  1432 | D:3      | Found an ornate altar of the Wu Jian Council.
  1561 | D:3      | Reached skill level 1 in Armour
  1754 | D:3      | Found Zoklemp's Distillery.
  1981 | D:3      | Noticed Grinder
  2144 | D:4      | Noticed Duvessa
  2144 | D:4      | Noticed Dowan
  2201 | D:4      | Reached XP level 5. HP: 37/37 MP: 6/9
  2214 | D:4      | Noticed Ijyb
  2223 | D:4      | Noticed Edmund
  2464 | D:5      | Entered Level 5 of the Dungeon
  2572 | D:5      | Reached XP level 6. HP: 44/44 MP: 6/10
  2700 | D:5      | Identified the +7 quarterstaff of Recklessness {distort,
                  | Dex+3}
  2849 | D:5      | Noticed Sigmund
  3078 | D:5      | Noticed an ice beast
  3507 | D:6      | Noticed an ice beast
  3510 | D:6      | Reached XP level 7. HP: 46/51 MP: 8/11
  3612 | D:6      | Noticed a steam dragon
  3733 | D:6      | Noticed Maggie
  3801 | D:6      | Noticed Blork the orc
  4140 | D:7      | Learned a level 2 spell: Sublimation of Blood
  4147 | D:7      | Found an opulent altar of Gozag.
  4275 | D:7      | Became a worshipper of Gozag Ym Sagoz the Greedy
  4375 | D:3      | Killed Grinder
  4439 | D:3      | Bought a potion of heal wounds for 70 gold pieces
  4489 | D:4      | Reached XP level 8. HP: 54/58 MP: 11/14
  4500 | D:4      | Killed Ijyb
  4687 | D:4      | Killed Edmund
  4688 | D:4      | Reached skill level 5 in Conjurations
  4692 | D:4      | Found a staircase to the Ecumenical Temple.
  4755 | Temple   | Entered the Ecumenical Temple
  4788 | D:4      | You fall into a shaft and drop 3 floors!
  5244 | D:5      | Killed Duvessa
  5245 | D:5      | Killed Dowan
  5490 | D:5      | Reached skill level 5 in Spellcasting
  5601 | D:5      | Killed Sigmund
  5602 | D:5      | Reached skill level 5 in Fighting
  5602 | D:5      | Reached skill level 5 in Armour
  5602 | D:5      | Reached XP level 9. HP: 61/68 MP: 12/17
  5766 | D:6      | Killed Maggie
  5891 | D:6      | Killed Blork the orc
  6176 | D:7      | Identified the +6 short sword of Focus {flame, rN+ Stlth+}
  6180 | D:7      | Found a basalt altar of Yredelemnul.
  6304 | D:7      | Reached XP level 10. HP: 61/76 MP: 13/20
  6486 | D:7      | Reached skill level 5 in Shields
  6536 | D:7      | Found a sacrificial altar of Ru.
  6577 | D:7      | Found a white marble altar of Elyvilon.
  6922 | D:3      | Bought a potion of mutation for 112 gold pieces
  6922 | D:3      | Bought a potion of mutation for 112 gold pieces
  6922 | D:3      | Gained mutation: You have hidden genetic defects. [potion
                  | of mutation]
  6923 | D:3      | Lost mutation: You have hidden genetic defects. [potion of
                  | mutation]
  6923 | D:3      | Gained mutation: You are strong-willed. (Will+) [potion of
                  | mutation]
  6923 | D:3      | Gained mutation: You possess an exceptional clarity of
                  | mind. [potion of mutation]
  6923 | D:3      | Gained mutation: Your spells are a little harder to cast,
                  | but a little more powerful. [potion of mutation]
  6923 | D:3      | Gained mutation: You are robust. (+10% HP) [potion of
                  | mutation]
  6927 | D:3      | You fall into a shaft and drop 1 floor!
  6931 | D:4      | You fall into a shaft and drop 1 floor!
  6982 | D:8      | Noticed Psyche
  7054 | D:8      | Learned a level 4 spell: Petrify
  7100 | D:8      | Found a shadowy altar of Dithmenos.
  7136 | D:8      | Killed Psyche
  7155 | D:8      | Reached skill level 5 in Dodging
  7564 | D:8      | Found a hazy altar of Hepliaklqana.
  7804 | D:9      | Found a bloodstained altar of Trog.
  7993 | D:9      | Found a glowing silver altar of Zin.
  8036 | D:9      | Noticed a deep elf pyromancer
  8045 | D:9      | Killed a deep elf pyromancer
  8046 | D:9      | Reached skill level 1 in Earth Magic
  8104 | D:9      | Reached XP level 11. HP: 75/92 MP: 15/21
  8719 | D:9      | Found a sparkling altar of Nemelex Xobeh.
  8724 | D:9      | Found a staircase to the Lair.
  9768 | D:10     | Entered Level 10 of the Dungeon
  9797 | D:10     | Killed a two-headed ogre
  9814 | D:10     | Killed a two-headed ogre
  9926 | D:10     | Killed a two-headed ogre
 10092 | D:10     | Noticed a two-headed ogre
 10252 | D:10     | Reached skill level 1 in Alchemy
 10332 | D:10     | Found a shimmering altar of Xom.
 10724 | D:11     | Noticed Sonja
 11034 | D:10     | Slain by a troll

Illustrated notes

Levels and vault maps discovered:
D:1:      ncdulo_watergridlock, layout_basic, minmay_cupped
D:2:      layout_rooms
D:3:      layout_basic, nzn_wu_jian_contemplation, serial_shops, shop,
          dreamdust_ecumenical_altar_angels_and_demons, minmay_misc_feat_cross,
          uniq_grinder
D:4:      layout_loops_cross, minmay_temple_entry_arrows, uniq_ijyb,
          uniq_edmund, uniq_duvessa
D:5:      layout_layer_cave, amcnicky_mini_pool_small, uniq_sigmund
D:6:      layout_cave_pools, dk_rats_in_the_wall, uniq_blork_the_orc,
          uniq_maggie
D:7:      layout_loops_ring, nicolae_yredelemnul_corpse_copse,
          nicolae_gozag_cash_rules_everything_around_me,
          mainiacjoe_overflow_alcove_4, nicolae_ru_sacrificial_ziggurat,
          minmay_misc_feat_enclosed, small_statue_intersection
D:8:      layout_rooms, nicolae_hepliaklqana_monster_ancestors,
          mainiacjoe_overflow_concentric_impassable, minmay_nine_imps,
          uniq_psyche
D:9:      layout_irregular_city, overflow_temple_1_default,
          mainiacjoe_overflow_24_doors, nemelex_xobeh_ov_fountains_minmay,
          lair_entry_dummy, serial_co_window_serial, co_window_paths_b,
          co_window_of_opportunity_a, co_window_of_opportunity_a,
          co_window_paths_a, co_window_paths_a, co_window_paths_a,
          co_window_corner_a, co_window_unsneaky_path_b, co_window_2corner,
          co_window_paths_c, co_window_cross_4, co_window_broadway_c,
          glass_columns_c, glass_columns_c
D:10:     nicolae_cairo_tiling_large, layout_loops_ring, xom_confusion_cloud
D:11:     layout_cave_pools, uniq_snorg, uniq_sonja
Temple:   chequers_temple_sunken

Skill      XL: |  1  2  3  4  5  6  7  8  9 10 11 |
---------------+----------------------------------+-----
Dodging        | 2 3 4 5 6 |  6.0
Shields        | 1 2 3 4 7 8 |  8.2
Fighting       | 1 2 3 5 6 7 8 |  8.0
Stealth        | 3 4 |  4.0
Armour         | 1 2 3 5 6 7 8 |  8.0
Conjurations   | 4 5 6 |  6.0
Spellcasting   | 3 4 5 6 7 |  7.8
Earth Magic    | 1 3 |  3.6
Alchemy        | 2 |  2.8

Action                     |  1- 3 |  4- 6 |  7- 9 | 10-12 || total
---------------------------+-------+-------+-------+-------++-------
  Melee: Unarmed           |    10 |       |       |       ||    10
         Dagger            |     6 |       |       |       ||     6
         Punch             |     1 |       |       |       ||     1
         Short sword       |       |       |     7 |    65 ||    72
   Fire: Sling             |    14 |    87 |    27 |       ||   128
   Cast: Magic Dart        |    76 |     7 |    26 |    33 ||   142
         Searing Ray       |     1 |    12 |    73 |    90 ||   176
         Petrify           |       |       |       |     1 ||     1
 Invoke: Potion Petition   |       |       |       |     1 ||     1
Ability: Shaft Self        |       |       |     1 |     2 ||     3
    Use: Potion            |       |       |       |     4 ||     4
   Stab: Petrified         |       |       |       |     4 ||     4
         Petrifying        |       |       |       |     1 ||     1
         Sleeping          |       |       |       |     1 ||     1
 Armour: Robe              |    20 |    29 |    56 |       ||   105
         Steam dragon scal |       |       |    30 |   162 ||   192
  Dodge: Dodged            |    33 |    28 |    73 |   142 ||   276
  Block: Buckler           |     2 |    11 |    17 |    57 ||    87
